Zazza, neutral female human Tourist ------------ |))))))).).| |))))))).)f-@ # |).).))[.).|m ----------- ------ |))))))...)|# #-.........| #.....| |)[))).))))|# --------- ###|..........############|....| ------------# |.......| #######+.........| ######.>...| # #........| ### ----------- # ------ # ###|.......| # # ### # #### # # |........######## # #-------### |>......| ## #|......#####--------- ----+------ #|.....|# ################# |.........| #|....<|# # ##+.........| ---- #......+# ### ----------- # |.........| |..| ------- # |.........-######## ----------- |..| ##+.........| ---- ----------- Zazza the Rambler Experience level: 1 Strength: 13 Dexterity: 10 Constitution: 15 Intelligence: 14 Wisdom: 8 Charisma: 18 Health: 0(14) Energy: 2(2) Def: 1 Gold: 14 Moves: 1875 Dungeon seed: 91zdxw0kV2T6SPzm Game ID: Zazza_1599768371 Your Inventory: Coins $ - 14 gold pieces Weapons a - 18 +2 darts (in quiver) r - 3 +0 orcish daggers (wielded) Armor e - an uncursed +0 Hawaiian shirt (being worn) y - an uncursed +0 orcish helm (being worn) Y - a cursed -1 pair of fumble boots Comestibles b - an uncursed lembas wafer c - 4 uncursed food rations d - an uncursed fortune cookie f - 3 uncursed slime molds g - 2 uncursed tripe rations s - an uncursed lichen corpse B - an uncursed tin of spinach F - 2 uncursed tins of lichen L - an uncursed slime mold R - 3 uncursed food rations U - an uncursed tripe ration X - an uncursed tripe ration Scrolls j - a blessed scroll of magic mapping k - an uncursed scroll of magic mapping Potions i - 2 uncursed potions of extra healing o - a potion of unholy water p - an uncursed potion of invisibility Rings I - an uncursed ring of see invisible Wands A - a wand of light (0:10) E - a wand of enlightenment (0:12) N - a wand of secret door detection (0:10) O - a wand of speed monster (0:3) Tools l - an expensive camera (0:72) m - an uncursed credit card n - an uncursed brass lantern (1:1500) Q - an uncursed sack S - an uncursed towel Gems q - a cursed loadstone Spells and supernatural/magical abilities: Name Level Category Fail Memory W - pray for help -- divine ? -- Your skills at the end: Fighting Skills Weapon Skills dart [Basic] Spellcasting Skills Final Attributes: You were stridently aligned. You were fast. You are dead. Vanquished creatures: 4 jackals a kobold 2 goblins 4 sewer rats 6 grid bugs 3 lichens 2 kobold zombies 5 newts 27 creatures vanquished. Voluntary challenges: You followed a strict vegan diet. You used a wielded weapon 4 times, starting on turn 932. You read items or engraved 9 times, starting on turn 944. You never genocided any monsters. You never polymorphed an object. You never changed form. You used no wishes. You never split a pudding. You wrote Elbereth's name 5 times, starting on turn 1327. You never violated your personal moral code. Dungeon overview: The Dungeons of Doom: levels 1 to 3 Level 1 a fountain a long staircase Level 2 a general store Level 3 <- You were here a weapon shop a long staircase History has recorded: On T:1 you entered the Dungeons of Doom to retrieve the Amulet of Yendor! On T:489 you reached level 2 of The Dungeons of Doom. On T:1653 you reached level 3 of The Dungeons of Doom. Score breakdown: Gold: 0 ( 0 points) Experience: 1 level ( 0 points) Exploration: 3 levels ( 5.66%) ( 5883 points) Discoveries: 9 items ( 3.02%) ( 5213 points) Valuables value: (no points given unless you survive) Artifact value: 0 ( 0 points) Variety of kills: 8 monsters ( 2.10%) ( 4347 points) Turncount: 1875 turns ( 0 points) Survival: died (score multiplied by 80%) Total score: 12354 Latest messages: The small mimic hits! You begin praying to The Lady. You are surrounded by a shimmering light. You feel that The Lady is pleased. You feel much better. You attack thin air. The small mimic hits! You have a little trouble lifting a - 7 +2 darts (in quiver). The dart hits the small mimic. The dart hits the small mimic. The dart hits the small mimic! The small mimic hits! You die... Final status: Aloha Zazza the Tourist, killed by a small mimic... You died in The Dungeons of Doom on dungeon level 3 with 12354 points, and 14 pieces of gold, after 1875 moves. You were level 1 with a maximum of 14 hit points when you died.